 Dungeon Crawl Stone Soup version 0.22-a0-799-g88f5e907b7 (webtiles) character file.

2081 Htamos the Geomancer (level 9, -4/70 HPs)
             Began as a Deep Dwarf Earth Elementalist on July 21, 2018.
             Was a Follower of Makhleb.
             Slain by a cyan ugly thing (11 damage)
             ... on level 7 of the Dungeon.
             The game lasted 00:24:23 (6297 turns).

Htamos the Geomancer (DDEE)                         Turns: 6297, Time: 00:24:23

Health: -4/70      AC:  8    Str: 13    XL:     9   Next: 6%
Magic:  8/8        EV: 12    Int: 16    God:    Makhleb [*.....]
Gold:   205        SH:  0    Dex: 15    Spells: 8/12 levels left

rFire    . . .     SeeInvis .   t - +2 dagger (venom)
rCold    . . .     Gourm    .   (no shield)
rNeg     . . .     Faith    .   g - +0 ring mail
rPois    +         Spirit   .   q - +0 helmet (curse)
rElec    .         Reflect  .   (no cloak)
rCorr    .         Harm     .   (no gloves)
MR       ++...                  l - +1 pair of boots
Stlth    +.........             (no amulet)
HPRegen  0.00/turn              o - ring of poison resistance
MPRegen  0.11/turn              e - ring of protection from magic

@: non-regenerating
A: damage resistance, heal wounds, sense surroundings 2, no regeneration
a: Heal Wounds, Renounce Religion


You were on level 7 of the Dungeon.
You worshipped Makhleb.
Makhleb was aware of your devotion.
You were hungry.

You visited 2 branches of the dungeon, and saw 8 of its levels.

You collected 400 gold pieces.
You spent 195 gold pieces at shops.

Inventory:

Hand Weapons
 a - a +0 rapier
 f - a +0 whip
 t - a +2 dagger of venom (weapon)
Missiles
 x - 30 stones (quivered)
Armour
 b - a +2 scale mail of positive energy
 c - a +0 robe
 g - a +0 ring mail (worn)
 j - a +0 chain mail
 l - a +1 pair of boots (worn)
 q - a cursed +0 helmet (worn)
 v - a +0 plate armour
 C - a +2 ring mail of positive energy
Jewellery
 e - a ring of protection from magic (right hand)
 o - a ring of poison resistance (left hand)
 A - an uncursed ring of stealth
Wands
 m - a wand of enslavement (3)
 w - a wand of paralysis (6)
Scrolls
 k - a scroll of teleportation
 n - 2 scrolls of blinking {unknown}
 p - 2 scrolls of remove curse
 s - 3 scrolls of identify
 u - a scroll of immolation {unknown}
 y - a scroll of fog {unknown}
Potions
 h - a potion of curing
 i - 3 potions of cancellation
 r - 2 potions of lignification
 B - a potion of might
 D - a potion of flight {unknown}
Comestibles
 d - 8 rations
 z - a chunk of flesh


   Skills:
 - Level 1.0 Fighting
 - Level 3.3 Dodging
 - Level 2.4 Stealth
 - Level 2.2 Spellcasting
   Level 0.8 Transmutations
 + Level 13.6 Earth Magic
 - Level 5.7 Evocations


You had 8 spell levels left.
You knew the following spells:

 Your Spells              Type           Power        Failure   Level  Hunger
a - Sandblast             Erth           #####.       1%          1    #......
b - Stone Arrow           Conj/Erth      ###...       9%          3    ###....

Your spell library contained the following spells:

 Spells                   Type           Power        Failure   Level  Hunger
 Cause Fear               Hex            #.........   99%         4    #####..
 Slow                     Hex            #.......     56%         2    ###....
 Passwall                 Tmut/Erth      ###.....     3%          2    ###....
 Corona                   Hex            #......      41%         1    #......
 Lee's Rapid Deconstruct  Erth           #####.....   4%          5    ######.
 Portal Projectile        Hex/Tloc       #.....       80%         3    ###....
 Petrify                  Tmut/Erth      ###.....     22%         4    #####..
 Leda's Liquefaction      Hex/Erth       ###.......   26%         4    #####..
 Inner Flame              Hex/Fire       #.......     80%         3    ###....


Dungeon Overview and Level Annotations

Branches:
Dungeon (7/15)             Temple (1/1) D:5

Altars:
Ashenzari
Cheibriados
Dithmenos
Elyvilon
Fedhas
Hepliaklqana
Kikubaaqudgha
Makhleb
Ru
Sif Muna
Trog
Vehumet
Wu Jian
Xom
Zin
The Shining One

Shops:
D:5 !


Innate Abilities, Weirdness & Mutations

You are resistant to damage.
You can heal yourself by infusing magical energy.
You passively map the area around you.
You do not regenerate.


Message History

Press: ? - help, Shift-Dir - straight line, f/p - cyan ugly thing
Aim: a cyan ugly thing (chance to defeat MR: 46%)
The cyan ugly thing resists with some effort.
The cyan ugly thing trunk-slaps you.
* * * LOW HITPOINT WARNING * * *
The cyan ugly thing shocks you!
* * * LOW HITPOINT WARNING * * *
You feel much better. The cyan ugly thing trunk-slaps you!
* * * LOW HITPOINT WARNING * * *
The cyan ugly thing shocks you!
* * * LOW HITPOINT WARNING * * *
Evoke which item? (* to show all) (? for menu, Esc to quit)
Aiming: Paralyse
Press: ? - help, Shift-Dir - straight line, f/p - cyan ugly thing
Aim: a cyan ugly thing (chance to defeat MR: 46%)
The cyan ugly thing resists with some effort.
The cyan ugly thing trunk-slaps you!
* * * LOW HITPOINT WARNING * * *
The cyan ugly thing shocks you!
You die...

#.....# # #.....# #
#.....## # ##......###
# **
###########...>.....###
..............)........
, #.............).##..#
* ,
#.....##.............
#...@.##.##########..
,,#....u......, #..
#..........###,* #..
#...........# ,, #..
#...........# , ....
#...........# , .....
#...........# , ,.....
##.........(# , ** , ,
*


You could see a cyan ugly thing.

Vanquished Creatures
  A gargoyle (D:7)
  Grinder (D:3)
  A water moccasin (D:5)
  A sky beast (D:7)
  An ogre (D:6)
  A necrophage (D:5)
  A centaur (D:7)
  A big kobold (D:6)
  2 bullfrogs (D:6)
  3 scorpions
  A crimson imp (D:6)
  3 hounds
  4 orc priests
  A gnoll shaman (D:4)
  Terence (D:2)
  3 iguanas
  4 orc wizards
  3 worker ants
  2 hound zombies
  10 adders
  2 gnolls
  3 shadow imps
  An ooze (D:3)
  2 adder skeletons
  A worm (D:3)
  A dart slug (D:3)
  7 leopard geckos
  18 orcs
  2 ball pythons (D:7)
  5 bats
  4 giant cockroaches
  5 goblins (D:2)
  6 hobgoblins
  5 jackals
  2 quokkas (D:2)
  2 frilled lizards
  A giant cockroach zombie (D:5)
  7 kobolds
  A quokka skeleton (D:6)
  10 rats
130 creatures vanquished.

Vanquished Creatures (collateral kills)
  A worker ant zombie (D:5)
1 creature vanquished.

Vanquished Creatures (others)
  A hound (D:5)
1 creature vanquished.

Grand Total: 132 creatures vanquished

Notes
Turn   | Place    | Note
-------+----------+-------------------------------------------
     0 | D:1      | Htamos the Deep Dwarf Earth Elementalist began the quest for the Orb.
     0 | D:1      | Reached XP level 1. HP: 15/15 MP: 3/3
   225 | D:1      | Reached XP level 2. HP: 13/22 MP: 4/4
   301 | D:1      | HP: 1/22 [gnoll/halberd of protection (8)]
   772 | D:2      | Reached XP level 3. HP: 19/30 MP: 0/6
   828 | D:2      | Reached skill level 1 in Fighting
  1007 | D:2      | Reached skill level 5 in Earth Magic
  1007 | D:2      | Reached XP level 4. HP: 24/38 MP: 4/7
  1370 | D:2      | Noticed Terence
  1462 | D:2      | Killed Terence
  1559 | D:3      | Found a shattered altar of Ashenzari.
  1683 | D:3      | Reached skill level 6 in Earth Magic
  1735 | D:3      | Noticed Grinder
  1750 | D:3      | Paralysed by Grinder for 2 turns
  1755 | D:3      | Paralysed by Grinder for 4 turns
  1763 | D:3      | Paralysed by Grinder for 3 turns
  1789 | D:3      | Paralysed by Grinder for 5 turns
  1801 | D:3      | Paralysed by Grinder for 7 turns
  1836 | D:3      | Paralysed by Grinder for 2 turns
  1845 | D:3      | Paralysed by Grinder for 4 turns
  1859 | D:3      | Killed Grinder
  1859 | D:3      | Reached skill level 8 in Earth Magic
  1859 | D:3      | Reached XP level 5. HP: 32/44 MP: 7/7
  1859 | D:3      | Reached XP level 6. HP: 37/51 MP: 8/8
  2170 | D:3      | Found a bloodstained altar of Trog.
  2294 | D:3      | Found a glowing golden altar of the Shining One.
  2518 | D:4      | Reached skill level 1 in Evocations
  2749 | D:4      | Reached XP level 7. HP: 17/57 MP: 8/8
  3051 | D:4      | Found a shadowy altar of Dithmenos.
  3209 | D:5      | Entered Level 5 of the Dungeon
  3393 | D:4      | Reached skill level 5 in Evocations
  3594 | D:5      | Found Ganiudd's Distillery.
  3598 | D:5      | Bought a potion of lignification for 39 gold pieces
  3598 | D:5      | Bought a potion of curing for 39 gold pieces
  3598 | D:5      | Bought a potion of curing for 39 gold pieces
  3598 | D:5      | Bought a potion of curing for 39 gold pieces
  3598 | D:5      | Bought a potion of lignification for 39 gold pieces
  3685 | D:5      | Reached skill level 9 in Earth Magic
  3878 | D:4      | Learned a level 3 spell: Stone Arrow
  4150 | D:5      | Found a sacrificial altar of Ru.
  4278 | D:5      | Found a staircase to the Ecumenical Temple.
  4287 | Temple   | Entered the Ecumenical Temple
  4311 | Temple   | Became a worshipper of Makhleb the Destroyer
  4487 | D:5      | Reached skill level 10 in Earth Magic
  4587 | D:5      | Reached XP level 8. HP: 26/64 MP: 3/8
  4919 | D:6      | Reached skill level 11 in Earth Magic
  5673 | D:7      | Noticed a gargoyle
  5685 | D:7      | Killed a gargoyle
  5685 | D:7      | Reached skill level 12 in Earth Magic
  5708 | D:7      | Noticed a cyan ugly thing
  5962 | D:7      | Reached skill level 13 in Earth Magic
  6144 | D:7      | Reached * piety under Makhleb
  6207 | D:7      | Gained mutation: You passively map the area around you. [Deep Dwarf growth]
  6207 | D:7      | Reached XP level 9. HP: 21/70 MP: 0/8
  6297 | D:7      | Slain by a cyan ugly thing

Vault maps used:
D:1:      shiori_shiawase
D:2:      first_ration, uniq_terence
D:3:      ashenzari_altar_1, lemuel_round_altar, lemuel_doored_altar,
          uniq_grinder
D:4:      grunt_dithmenos_shadows, hangedman_abyss_or_decor_passed
D:5:      hangedman_ru_absence, lemuel_temple_firewalk_b, serial_shops, shop,
          nrook_mini_backslash
D:6:      minmay_tree_intersection
Temple:   minmay_temple_bridge_abc

Skill      XL: |  1  2  3  4  5  6  7  8 |
---------------+-------------------------+-----
Spellcasting   | 2 |  2.2
Dodging        | 3 |  3.3
Fighting       | 1 |  1.0
Earth Magic    | 5 8 10 13 | 13.6
Evocations     | 3 5 |  5.7
Stealth        | |  2.4
Transmutations | |  0.8

Action                   |  1- 3 |  4- 6 |  7- 9 || total
-------------------------+-------+-------+-------++-------
Melee: Whip              |    41 |   473 |       ||   514
       Unarmed           |    13 |       |       ||    13
       Rapier            |       |    15 |   258 ||   273
       Dagger            |       |       |    78 ||    78
 Cast: Sandblast         |    27 |    16 |    10 ||    53
       Stone Arrow       |       |       |    36 ||    36
 Abil: Heal Wounds       |     1 |    10 |    11 ||    22
Evoke: Wand              |       |       |    15 ||    15
  Use: Scroll            |       |     4 |     2 ||     6
       Potion            |       |     2 |     4 ||     6
 Stab: Sleeping          |     1 |       |     1 ||     2
       Paralysed         |       |       |    10 ||    10
  Eat: Chunk             |     1 |     6 |    11 ||    18
       Ration            |       |       |     2 ||     2
Armor: Robe              |     7 |       |       ||     7
       Ring mail         |     3 |     3 |    45 ||    51
       Scale mail        |       |   195 |    70 ||   265
       Chain mail        |       |       |    52 ||    52
       Skin              |       |       |    10 ||    10
Dodge: Dodged            |    46 |   259 |   173 ||   478

Table legend:
 A = Spawn XP
 B = Non-spawn XP
 C = Spawn XP percentage of total XP
 D = Spawn monster count
 E = Non-spawn monster count
 F = Spawn count percentage of total count
 G = Total turns spent on level
                    A         B        C        D         E        F      G
               +---------+---------+-------+---------+---------+-------+---------
         Total |       0 |    2974 |   0.0 |       0 |     132 |   0.0 |  6297
               +---------+---------+-------+---------+---------+-------+---------
           D:1 |       0 |      13 |   0.0 |       0 |       7 |   0.0 |   307
           D:2 |       0 |     149 |   0.0 |       0 |      25 |   0.0 |  1250
           D:3 |       0 |     403 |   0.0 |       0 |      31 |   0.0 |   852
           D:4 |       0 |     448 |   0.0 |       0 |      16 |   0.0 |   907
           D:5 |       0 |     472 |   0.0 |       0 |      17 |   0.0 |  1231
           D:6 |       0 |     662 |   0.0 |       0 |      21 |   0.0 |  1340
           D:7 |       0 |     827 |   0.0 |       0 |      15 |   0.0 |   362
               +---------+---------+-------+---------+---------+-------+---------
